Map: Misty Swamp

Players

DrifterRob - Winner!

  • Race: Protoss Protoss
  • Spawn Location: 3:00

Metasapien - Winner!

  • Race: Zerg Zerg
  • League: Platinum
  • Spawn Location: 12:00

linkisterock - Winner!

  • Race: Protoss Protoss
  • Spawn Location: 3:00

Joshdwhit

  • Race: Protoss Protoss
  • League: Gold
  • Spawn Location: 12:00

Ninja

  • Race: Terran Terran
  • Spawn Location: 9:00

oBeuger

  • Race: Zerg Zerg
  • League: Gold
  • Spawn Location: 9:00

VOD

Have the link to the VOD?

Description

Time

  • Played on: Sept. 18, 2017, 3:10 a.m.
  • Length: 23:01
Show
View Real Time Build Order
Export as new Build Order

DrifterRob Protoss - Winner!

Build Orders: 1 Gate Expand, Oracle Opening 

Get SALT Encoding   

  12  0:01  Probe (Chrono Boost)  
  13  0:12  Probe (Chrono Boost)  
  14  0:18  Pylon  
  14  0:37  Probe (Chrono Boost)  
  15  0:47  Probe (Chrono Boost)  
  15  0:49  Gateway  
  16  0:56  Gateway  
  16  1:00  Probe (Chrono Boost), Assimilator  
  17  1:10  Probe (Chrono Boost)  
  18  1:25  Nexus  
  18  1:33  Pylon  
  18  1:37  Probe (Chrono Boost)  
  19  1:48  Probe (Chrono Boost)  
  19  1:50  Cybernetics Core  
  20  1:56  Assimilator  
  20  2:07  Probe (Chrono Boost)  
  21  2:18  Probe (Chrono Boost)  
  22  2:23  Pylon  
  22  2:29  Probe (Chrono Boost), Stalker  
  25  2:39  Probe x2 (Chrono Boost)  
  27  2:49  Probe (Chrono Boost)  
  27  2:50  Mothership Core (Chrono Boost)  
  30  2:58  Stargate  
  30  3:05  Assimilator  
  30  3:11  Probe (Chrono Boost)  
  30  3:12  Assimilator  
  31  3:20  Stalker  
  31  3:21  Probe (Chrono Boost)  
  34  3:32  Probe (Chrono Boost)  
  36  3:41  Probe (Chrono Boost)  
  36  3:43  Probe (Chrono Boost)  
  37  3:52  Probe (Chrono Boost)  
  37  3:53  Probe (Chrono Boost), Oracle  
  42  4:00  Stalker  
  42  4:02  Probe (Chrono Boost)  
  45  4:04  Probe (Chrono Boost)  
  46  4:13  Probe (Chrono Boost)  
  46  4:14  Probe (Chrono Boost)  
  48  4:23  Probe (Chrono Boost)  
  49  4:25  Probe (Chrono Boost)  
  49  4:26  Pylon  
  50  4:34  Probe (Chrono Boost)  
  50  4:35  Probe (Chrono Boost)  
  52  4:39  Stalker  
  52  4:42  Protoss Air Weapons Level 1  
  52  4:44  Void Ray, Probe (Chrono Boost)  
  59  4:46  Probe (Chrono Boost)  
  60  4:55  Probe (Chrono Boost)  
  60  4:56  Probe (Chrono Boost)  
  59  6:04  Pylon  
  59  6:05  Pylon  
  59  6:08  Nexus  
  59  6:12  Pylon  
  59  6:14  Pylon  
  59  6:15  Pylon  
  59  6:18  Stargate  
  59  6:20  Stargate  
  59  6:21  Stargate  
  59  6:22  Void Ray  
  63  6:35  Pylon, Cybernetics Core  
  63  6:39  Protoss Air Armor Level 1  
  63  6:40  Forge  
  63  6:50  Pylon, Fleet Beacon  
  63  6:53  Pylon  
  63  7:04  Void Ray  
  63  7:05  Assimilator  
  63  7:06  Pylon  
  67  7:09  Assimilator  
  67  7:10  Pylon  
  67  7:11  Void Ray x3  
  79  7:38  Probe (Chrono Boost)  
  79  7:43  Probe (Chrono Boost)  
  81  7:47  Probe (Chrono Boost), Phoenix  
  81  7:48  Probe (Chrono Boost)  
  85  7:53  Probe (Chrono Boost)  
  85  7:54  Phoenix x3  
  85  7:58  Probe (Chrono Boost)  
  93  7:59  Probe (Chrono Boost)  
  93  8:04  Probe (Chrono Boost)  
  95  8:06  Protoss Air Weapons Level 2  
  95  8:08  Probe (Chrono Boost)  
  95  8:10  Probe (Chrono Boost)  
  97  8:14  Probe (Chrono Boost)  
  97  8:18  Probe (Chrono Boost)  
  97  8:19  Probe (Chrono Boost), Graviton Catapult  
  99  8:22  Carrier (Chrono Boost)  
  99  8:24  Probe (Chrono Boost)  
  107  8:30  Probe  
  114  8:35  Carrier (Chrono Boost)  
  114  8:54  Protoss Air Armor Level 2  
  114  9:02  Nexus  
  114  9:04  Pylon  
  114  9:05  Protoss Shields Level 1  
  114  9:06  Pylon  
  114  9:08  Pylon  
  114  9:10  Pylon  
  114  9:11  Pylon  
  114  9:12  Pylon  
  114  9:14  Pylon  
  114  9:16  Pylon  
  114  9:20  Pylon  
  114  9:21  Pylon  
  114  9:22  Pylon  
  114  9:28  Probe  
  121  9:32  Carrier (Chrono Boost)  
  121  9:40  Probe  
  122  9:52  Probe  
  129  9:53  Carrier (Chrono Boost)  
  129  10:04  Probe  
  130  10:16  Probe  
  131  10:26  Carrier (Chrono Boost)  
  143  10:37  Carrier (Chrono Boost)  
  139  10:55  Carrier (Chrono Boost)  
  145  10:57  Protoss Air Weapons Level 3  
  145  11:07  Carrier (Chrono Boost)  
  151  11:14  Twilight Council  
  151  11:15  Assimilator  
  151  11:18  Assimilator  
  151  11:22  Protoss Air Armor Level 3  
  151  11:59  Carrier (Chrono Boost)  
  163  12:15  Protoss Shields Level 2  
  163  12:33  Carrier x2 (Chrono Boost)  
  175  12:41  Carrier (Chrono Boost)  
  181  12:59  Pylon  
  181  13:00  Pylon  
  181  13:02  Pylon  
  181  13:06  Pylon  
  181  13:07  Pylon  
  181  13:10  Pylon  
  181  13:14  Carrier (Chrono Boost)  
  181  13:49  Carrier (Chrono Boost)  
  181  13:52  Carrier (Chrono Boost)  
  175  13:57  Carrier (Chrono Boost)  
  113  14:26  Photon Cannon  
  113  14:28  Photon Cannon  
  113  14:29  Carrier (Chrono Boost)  
  113  14:30  Photon Cannon  
  119  14:32  Photon Cannon  
  119  14:39  Photon Cannon  
  119  14:40  Photon Cannon  
  119  14:43  Photon Cannon  
  119  14:45  Photon Cannon  
  113  14:48  Photon Cannon  
  113  14:53  Photon Cannon x2  
  113  15:06  Phoenix (Chrono Boost)  
  121  15:10  Phoenix (Chrono Boost)  
  123  15:16  Pylon  
  123  15:18  Pylon  
  123  15:21  Pylon  
  123  15:24  Pylon  
  123  15:26  Pylon  
  123  15:27  Phoenix (Chrono Boost)  
  125  15:28  Pylon  
  131  15:56  Carrier x3 (Chrono Boost)  
  131  15:57  Carrier (Chrono Boost)  
  143  16:00  Protoss Shields Level 3  
  143  16:08  Photon Cannon  
  143  16:09  Photon Cannon  
  143  16:10  Photon Cannon  
  143  16:12  Photon Cannon  
  143  16:14  Photon Cannon  
  143  16:20  Photon Cannon  
  143  16:22  Photon Cannon  
  143  16:27  Photon Cannon  
  143  16:31  Photon Cannon  
  142  17:10  Carrier x3 (Chrono Boost)  
  166  17:22  Carrier (Chrono Boost)  
  156  17:50  Nexus  
  154  18:25  Carrier x3 (Chrono Boost)  
  118  18:48  Carrier (Chrono Boost)  
  94  19:20  Photon Cannon  
  94  19:21  Photon Cannon  
  94  19:22  Photon Cannon  
  94  19:24  Photon Cannon  
  94  19:26  Photon Cannon  
  94  19:27  Photon Cannon  
  94  19:32  Photon Cannon  
  94  19:33  Photon Cannon  
  94  19:35  Photon Cannon  
  98  19:38  Phoenix x2 (Chrono Boost)  
  98  19:39  Phoenix (Chrono Boost)  
  98  19:41  Photon Cannon x2  
  98  19:43  Photon Cannon  
  100  19:47  Photon Cannon  
  99  20:00  Phoenix x3 (Chrono Boost)  
  99  20:05  Phoenix (Chrono Boost)  
  107  20:22  Phoenix x2 (Chrono Boost)  
  111  20:47  Phoenix x3 (Chrono Boost)  
  119  20:51  Phoenix (Chrono Boost)  
  119  21:09  Phoenix x2 (Chrono Boost)  
  123  21:37  Carrier (Chrono Boost)  
Show
View Real Time Build Order
Export as new Build Order

Metasapien Zerg - Winner!

Build Orders: Pool First 

Get SALT Encoding   

  12  0:01  Drone  
  13  0:25  Spawning Pool  
  13  0:26  Drone  
  13  0:33  Drone  
  14  0:37  Extractor  
  14  0:42  Overlord  
  13  0:46  Drone  
  14  1:12  Drone x2  
  14  1:13  Drone  
  17  1:27  Zergling x2  
  18  1:35  Drone  
  19  1:43  Hatchery  
  18  1:49  Drone  
  19  2:10  Metabolic Boost  
  19  2:11  Drone x2  
  21  2:22  Hatchery  
  20  2:29  Overlord  
  20  2:45  Queen  
  20  2:49  Drone x2  
  24  2:53  Extractor  
  24  2:58  Queen  
  25  3:02  Drone  
  26  3:07  Drone  
  27  3:47  Queen  
  29  3:48  Drone  
  29  3:49  Drone  
  29  3:50  Drone x3  
  34  4:00  Drone x3, Roach Warren  
  36  4:21  Pneumatized Carapace  
  36  4:24  Drone x3  
  36  4:25  Overlord, Drone  
  36  4:26  Overlord  
  40  4:33  Drone x2  
  40  4:37  Lair  
  42  4:41  Overlord x2  
  42  4:55  Drone  
  42  4:56  Drone x4  
  42  4:58  Zergling x2  
  42  4:59  Roach x3  
  54  5:04  Drone x3  
  57  5:08  Extractor  
  57  5:10  Extractor  
  57  5:11  Drone x3  
  58  5:15  Drone x2  
  58  5:16  Drone  
  58  5:18  Overlord  
  61  5:22  Drone  
  61  5:27  Extractor  
  61  5:31  Drone, Extractor  
  61  5:33  Drone x3  
  64  6:17  Roach x2  
  64  6:18  Roach x2  
  72  6:28  Hydralisk Den, Drone x2  
  72  6:31  Infestation Pit  
  72  6:34  Evolution Chamber  
  72  6:36  Spore Crawler  
  72  6:38  Drone, Spore Crawler  
  72  6:39  Drone  
  71  6:41  Drone x3  
  71  6:42  Drone  
  71  6:43  Drone x3  
  78  6:49  Drone x2  
  78  6:52  Ravager x2  
  82  6:59  Muscular Augments, Glial Reconstitution  
  82  7:06  Zerg Missile Weapons Level 1  
  82  7:11  Evolution Chamber  
  82  7:13  Overlord x2, Hive  
  82  7:14  Overlord x2  
  81  7:31  Queen x2  
  85  7:43  Spore Crawler, Hydralisk x2  
  85  7:44  Hydralisk x5  
  86  7:45  Hydralisk x2, Roach x6  
  86  7:46  Overlord x2  
  86  7:48  Overseer  
  86  7:49  Overseer  
  114  8:00  Zerg Ground Armor Level 1  
  114  8:17  Hydralisk x4  
  114  8:18  Hydralisk x2  
  114  8:19  Infestor x2  
  130  8:21  Overlord x3  
  130  8:25  Hatchery  
  129  8:27  Ravager  
  130  8:44  Roach, Hydralisk x4  
  130  8:45  Hydralisk, Roach x4  
  150  8:52  Nydus Network  
  149  9:19  Spore Crawler  
  149  9:20  Drone  
  149  9:21  Drone  
  149  9:22  Drone x2  
  152  9:24  Hydralisk  
  152  9:28  Overlord x2  
  152  9:29  Overlord  
  154  9:31  Overlord  
  154  9:32  Overseer  
  154  9:37  Queen  
  156  9:45  Drone  
  156  9:56  Nydus Canal  
  148  10:21  Hydralisk x7  
  128  10:22  Hydralisk x8  
  128  10:23  Hydralisk x2  
  159  10:29  Ravager x4  
  159  10:30  Ravager x2  
  160  10:38  Hydralisk x4  
  154  10:57  Nydus Network  
  153  11:08  Drone x3  
  156  11:24  Hydralisk x2  
  156  11:25  Hydralisk x2  
  164  11:27  Zerg Missile Weapons Level 2  
  164  11:37  Overlord x3  
  164  11:38  Overlord  
  164  11:40  Infestor x2  
  164  11:43  Hydralisk x2  
  172  12:15  Hydralisk  
  172  12:16  Hydralisk x4, Roach x2  
  172  12:17  Hydralisk, Roach  
  190  12:25  Extractor  
  190  12:27  Extractor  
  188  12:45  Nydus Canal  
  188  12:55  Hydralisk  
  188  12:56  Roach x3, Hydralisk x2  
  156  13:22  Ravager  
  156  13:23  Hydralisk x3  
  156  13:24  Hydralisk x6  
  156  13:25  Hydralisk x3  
  171  13:30  Queen  
  171  13:34  Queen x2  
  177  13:42  Drone  
  178  13:52  Hydralisk x5  
  178  13:53  Hydralisk x2  
  192  14:00  Zerg Ground Armor Level 2  
  192  14:04  Queen  
  194  14:11  Queen x2  
  194  14:12  Hatchery  
  197  14:26  Nydus Canal  
  161  15:00  Hydralisk  
  161  15:01  Hydralisk x10  
  161  15:03  Overlord x5  
  183  15:09  Adrenal Glands  
  183  15:12  Zerg Melee Weapons Level 1  
  183  15:30  Extractor  
  183  15:31  Extractor  
  181  15:49  Hydralisk  
  181  15:50  Hydralisk x6  
  181  15:51  Hydralisk x2  
  199  16:09  Nydus Canal  
  199  16:21  Burrow  
  199  16:39  Zerg Missile Weapons Level 3  
  199  17:06  Zerg Ground Armor Level 3  
  155  17:36  Zergling x2  
  158  17:37  Zergling x40  
  158  17:38  Zergling x14  
  91  18:23  Hydralisk x8  
  91  18:24  Hydralisk x16  
  138  18:56  Hydralisk  
  138  18:57  Hydralisk x10  
  138  19:02  Spire  
  95  19:51  Hydralisk x2  
  95  19:52  Roach, Hydralisk x15  
  103  19:53  Hydralisk x6  
  143  20:04  Zerg Melee Weapons Level 2  
  143  20:10  Hydralisk x4  
  151  20:17  Overseer  
  151  20:20  Hydralisk  
  149  20:53  Nydus Canal  
  149  20:56  Zergling x8, Hydralisk  
  149  20:57  Zergling x10, Hydralisk x2  
  158  20:59  Zergling x14  
  167  21:48  Zergling x2  
  167  21:49  Zergling x22  
  177  21:54  Nydus Canal  
  177  22:26  Zergling x12  
  177  22:27  Zergling x12  
Show
View Real Time Build Order
Export as new Build Order

linkisterock Protoss - Winner!

Build Orders: 1 Gate Expand, Carrier Rush 

Get SALT Encoding   

  12  0:01  Probe (Chrono Boost)  
  13  0:12  Probe (Chrono Boost)  
  14  0:22  Probe (Chrono Boost)  
  14  0:25  Pylon  
  15  0:38  Assimilator  
  15  0:43  Probe (Chrono Boost)  
  15  0:46  Gateway  
  16  0:53  Probe (Chrono Boost)  
  18  1:04  Probe (Chrono Boost)  
  18  1:08  Assimilator  
  18  1:14  Probe (Chrono Boost)  
  19  1:25  Probe (Chrono Boost)  
  20  1:41  Nexus  
  20  1:55  Cybernetics Core  
  20  2:04  Pylon  
  20  2:05  Probe (Chrono Boost)  
  21  2:20  Probe (Chrono Boost)  
  22  2:35  Stargate  
  22  2:37  Probe (Chrono Boost)  
  23  2:48  Probe (Chrono Boost)  
  24  2:53  Probe (Chrono Boost)  
  25  3:04  Probe (Chrono Boost), Assimilator  
  27  3:13  Probe (Chrono Boost)  
  27  3:14  Probe (Chrono Boost)  
  28  3:23  Probe (Chrono Boost)  
  28  3:25  Probe (Chrono Boost)  
  30  3:34  Probe (Chrono Boost)  
  31  3:35  Probe (Chrono Boost)  
  32  3:44  Probe (Chrono Boost), Fleet Beacon  
  32  3:46  Probe (Chrono Boost)  
  34  3:48  Pylon  
  34  3:55  Probe (Chrono Boost)  
  35  3:57  Probe (Chrono Boost)  
  36  4:08  Probe (Chrono Boost)  
  36  4:09  Assimilator  
  37  4:19  Probe (Chrono Boost)  
  38  4:26  Stargate  
  38  4:27  Stargate  
  38  4:28  Carrier (Chrono Boost)  
  38  4:31  Graviton Catapult  
  44  4:40  Protoss Air Weapons Level 1 (Chrono Boost)  
  44  4:59  Cybernetics Core  
  44  5:07  Pylon  
  44  5:10  Pylon  
  44  5:11  Carrier (Chrono Boost)  
  44  5:12  Pylon  
  44  5:16  Robotics Facility  
  50  5:24  Mothership Core (Chrono Boost)  
  52  5:57  Nexus  
  52  5:59  Assimilator  
  52  6:02  Assimilator  
  52  6:08  Protoss Air Armor Level 1 (Chrono Boost)  
  52  6:20  Stargate  
  52  6:24  Stargate  
  52  6:29  Carrier (Chrono Boost)  
  58  6:50  Pylon  
  58  6:54  Pylon  
  58  6:55  Observer  
  58  6:57  Pylon  
  58  6:58  Pylon  
  59  7:02  Pylon x2  
  59  7:04  Pylon  
  59  7:07  Probe  
  59  7:11  Probe  
  59  7:14  Probe  
  62  7:17  Observer  
  62  7:18  Probe  
  70  7:23  Probe  
  70  7:26  Probe  
  70  7:28  Probe, Protoss Air Weapons Level 2 (Chrono Boost)  
  72  7:30  Carrier (Chrono Boost)  
  72  7:35  Probe  
  74  7:38  Probe, Observer  
  76  8:03  Protoss Air Armor Level 2 (Chrono Boost)  
  88  8:28  Carrier (Chrono Boost)  
  88  8:36  Carrier (Chrono Boost)  
  94  9:11  Carrier (Chrono Boost)  
  106  9:18  Carrier (Chrono Boost)  
  112  9:45  Carrier (Chrono Boost)  
  112  10:53  Pylon  
  112  10:55  Pylon  
  112  10:58  Pylon  
  112  11:00  Pylon  
  112  11:01  Pylon  
  112  11:04  Pylon  
  142  11:40  Carrier x2 (Chrono Boost)  
  142  11:49  Carrier x2 (Chrono Boost)  
  142  11:50  Carrier (Chrono Boost)  
  142  12:06  Protoss Air Weapons Level 3 (Chrono Boost)  
  142  12:17  Protoss Air Armor Level 3 (Chrono Boost)  
  142  12:53  Carrier x2 (Chrono Boost)  
  154  13:04  Carrier x2  
  158  14:04  Carrier  
  164  14:18  Carrier  
  164  14:19  Carrier  
  176  14:29  Carrier x2  
  128  15:29  Carrier  
  134  15:56  Carrier x2  
  134  15:57  Carrier x2  
  158  16:55  Carrier  
  77  18:18  Carrier (Chrono Boost)  
  77  18:19  Carrier (Chrono Boost)  
  101  18:20  Carrier x2 (Chrono Boost)  
  101  19:04  Observer  
  102  19:26  Observer  
  103  19:42  Carrier (Chrono Boost)  
  109  19:47  Observer  
Show
View Real Time Build Order
Export as new Build Order

Joshdwhit Protoss 

Build Orders:  

Get SALT Encoding   

  12  0:02  Probe (Chrono Boost)  
  13  0:12  Probe (Chrono Boost)  
  14  0:21  Pylon  
  14  0:24  Probe (Chrono Boost)  
  15  0:39  Probe (Chrono Boost)  
  16  0:52  Probe (Chrono Boost)  
  17  1:00  Assimilator  
  17  1:03  Probe (Chrono Boost), Assimilator  
  18  1:14  Probe (Chrono Boost)  
  19  1:21  Nexus  
  19  1:29  Pylon  
  19  1:34  Probe (Chrono Boost)  
  20  1:44  Probe (Chrono Boost)  
  21  1:51  Forge  
  21  1:55  Probe (Chrono Boost)  
  22  2:05  Probe (Chrono Boost)  
  22  2:16  Probe (Chrono Boost)  
  23  2:27  Probe (Chrono Boost), Photon Cannon  
  24  2:30  Pylon  
  24  2:37  Probe (Chrono Boost)  
  24  2:40  Probe (Chrono Boost)  
  26  2:55  Probe x2 (Chrono Boost)  
  28  2:59  Gateway  
  28  3:07  Pylon  
  28  3:10  Probe x2 (Chrono Boost)  
  30  3:19  Probe (Chrono Boost)  
  30  3:20  Probe (Chrono Boost)  
  30  3:21  Protoss Shields Level 1 (Chrono Boost)  
  32  3:28  Assimilator  
  32  3:29  Probe  
  32  3:32  Probe, Assimilator  
  34  3:38  Pylon  
  34  3:40  Probe  
  35  3:48  Cybernetics Core  
  35  3:51  Photon Cannon  
  35  3:54  Probe  
  35  3:55  Probe  
  37  4:04  Probe  
  37  4:07  Probe  
  39  4:11  Photon Cannon  
  39  4:15  Probe  
  40  4:19  Probe  
  40  4:21  Photon Cannon  
  41  4:30  Stargate  
  41  4:36  Stargate  
  41  4:38  Probe, Assimilator  
  41  4:40  Probe  
  41  4:44  Photon Cannon  
  43  4:54  Photon Cannon  
  43  5:01  Photon Cannon  
  43  5:08  Probe  
  43  5:10  Probe  
  43  5:11  Protoss Air Weapons Level 1  
  45  5:14  Void Ray (Chrono Boost)  
  49  5:21  Pylon  
  49  5:30  Probe  
  49  5:32  Probe  
  51  5:49  Void Ray (Chrono Boost)  
  55  5:57  Void Ray (Chrono Boost), Nexus  
  59  6:00  Assimilator  
  59  6:03  Assimilator  
  59  6:06  Pylon  
  59  6:09  Probe x2, Pylon  
  61  6:24  Stargate  
  61  6:27  Cybernetics Core  
  61  6:30  Fleet Beacon  
  65  6:33  Void Ray (Chrono Boost)  
  65  6:34  Void Ray (Chrono Boost)  
  65  6:35  Photon Cannon  
  65  6:38  Probe x2  
  71  6:50  Probe x2  
  73  7:02  Probe x2, Protoss Air Armor Level 1 (Chrono Boost)  
  75  7:10  Void Ray (Chrono Boost)  
  75  7:14  Void Ray (Chrono Boost), Probe  
  84  7:23  Photon Cannon  
  84  7:28  Photon Cannon  
  84  7:29  Photon Cannon  
  84  7:31  Probe x3  
  84  7:34  Photon Cannon  
  87  7:39  Void Ray  
  91  7:48  Pylon  
  91  7:52  Void Ray (Chrono Boost)  
  91  7:58  Void Ray (Chrono Boost)  
  99  8:04  Probe x3  
  102  8:22  Void Ray (Chrono Boost)  
  102  8:24  Protoss Air Weapons Level 2 (Chrono Boost)  
  106  8:34  Void Ray (Chrono Boost)  
  106  8:39  Graviton Catapult  
  114  8:46  Void Ray (Chrono Boost)  
  114  8:52  Nexus  
  114  8:56  Photon Cannon  
  114  9:01  Probe x2  
  114  9:02  Probe  
  117  9:10  Pylon  
  117  9:14  Pylon  
  117  9:17  Protoss Air Armor Level 2  
  117  9:18  Pylon  
  117  9:20  Pylon  
  117  9:26  Pylon  
  117  9:28  Probe x3  
  117  9:29  Void Ray (Chrono Boost)  
  124  9:32  Void Ray (Chrono Boost)  
  124  9:33  Pylon  
  124  9:38  Void Ray (Chrono Boost)  
  132  9:41  Assimilator  
  132  9:44  Stargate x2  
  80  10:58  Carrier x2 (Chrono Boost)  
  80  11:01  Protoss Air Weapons Level 3  
  110  11:09  Carrier (Chrono Boost)  
  110  11:10  Carrier x2 (Chrono Boost)  
  110  11:15  Protoss Air Armor Level 3  
  110  11:17  Photon Cannon  
  110  11:19  Photon Cannon  
  110  11:22  Photon Cannon  
  110  12:13  Carrier x2 (Chrono Boost)  
  140  12:33  Photon Cannon  
  140  12:35  Carrier (Chrono Boost)  
  140  12:43  Twilight Council  
  140  13:06  Carrier x2 (Chrono Boost)  
  138  13:27  Carrier (Chrono Boost)  
  138  13:28  Carrier (Chrono Boost)  
  101  13:59  Pylon  
  101  14:01  Carrier (Chrono Boost)  
  105  14:31  Carrier (Chrono Boost)  
  99  14:39  Carrier (Chrono Boost)  
  99  15:00  Pylon  
  99  15:02  Pylon  
  99  15:05  Pylon  
  99  15:07  Pylon  
  99  15:12  Pylon  
  99  15:13  Pylon  
  99  15:18  Pylon  
  99  15:22  Pylon  
  99  15:24  Pylon  
  99  15:26  Carrier (Chrono Boost), Pylon  
  111  15:29  Pylon  
  111  15:31  Pylon  
  111  15:33  Pylon  
  117  15:36  Pylon  
  117  15:37  Carrier (Chrono Boost)  
  117  15:38  Pylon  
  117  15:43  Carrier (Chrono Boost)  
  123  15:54  Stargate  
  129  15:57  Carrier (Chrono Boost)  
  129  16:05  Carrier (Chrono Boost)  
  135  16:41  Carrier (Chrono Boost)  
  147  17:03  Carrier (Chrono Boost)  
  147  17:08  Carrier (Chrono Boost)  
  159  17:23  Carrier (Chrono Boost)  
  159  17:30  Carrier (Chrono Boost)  
  159  17:55  Carrier (Chrono Boost)  
  135  18:52  Carrier (Chrono Boost)  
  135  18:53  Carrier x2 (Chrono Boost)  
  135  18:56  Carrier (Chrono Boost)  
  123  19:49  Carrier (Chrono Boost)  
  141  20:18  Carrier x2 (Chrono Boost)  
  73  21:00  Phoenix x2 (Chrono Boost)  
  73  21:03  Phoenix (Chrono Boost)  
Show
View Real Time Build Order
Export as new Build Order

Ninja Terran 

Build Orders:  

Get SALT Encoding   

  12  0:01  SCV  
  13  0:13  SCV  
  14  0:30  Supply Depot  
  14  0:33  SCV  
  15  0:42  Refinery  
  15  0:51  SCV  
  16  0:59  Barracks  
  16  1:03  SCV  
  17  1:16  SCV  
  18  1:25  Supply Depot  
  18  1:28  SCV  
  19  1:40  SCV  
  20  1:52  SCV  
  21  2:02  Supply Depot  
  21  2:03  Refinery  
  21  2:05  SCV  
  22  2:17  SCV  
  22  2:19  Command Center  
  23  2:29  SCV, Marine  
  25  2:36  Supply Depot  
  25  2:43  Orbital Command  
  25  3:10  SCV  
  26  3:22  SCV  
  26  3:24  Barracks  
  27  3:32  SCV  
  29  3:34  Factory, SCV  
  29  3:44  SCV  
  29  3:46  SCV  
  31  3:56  SCV  
  31  3:58  SCV  
  33  4:04  Marine  
  34  4:14  Supply Depot  
  34  4:19  SCV  
  34  4:20  SCV  
  34  4:22  Marine  
  37  4:28  Armory  
  37  4:31  SCV  
  37  4:32  SCV  
  37  4:36  Supply Depot  
  39  4:44  Factory Tech Lab  
  39  4:47  Barracks Reactor  
  39  4:57  SCV x2  
  41  5:05  Refinery  
  41  5:06  Refinery  
  41  5:09  SCV x2  
  41  5:10  Siege Tank  
  46  5:18  Supply Depot  
  36  5:41  Supply Depot  
  36  5:42  SCV x2  
  38  5:52  Marine  
  38  5:53  Marine x2  
  38  5:54  SCV x2  
  43  6:06  SCV x2  
  43  6:07  Starport  
  45  6:12  Starport  
  45  6:18  SCV x2  
  47  6:19  Marine x3  
  50  6:29  Supply Depot  
  50  6:30  SCV x2  
  52  6:36  Marine  
  52  6:37  Marine x2  
  55  6:46  Fusion Core  
  55  6:50  Starport  
  55  6:53  Armory  
  55  6:54  Marine  
  55  6:55  Marine  
  55  6:57  Starport Tech Lab  
  55  6:58  Starport Tech Lab  
  57  7:02  Starport  
  57  7:04  Marine  
  58  7:12  Marine x2  
  60  7:21  Orbital Command  
  60  7:22  Marine  
  61  7:23  SCV  
  61  7:27  Terran Vehicle And Ship Armor Level 1  
  62  7:30  Starport Tech Lab  
  62  7:35  SCV  
  63  7:39  Starport Tech Lab, Supply Depot  
  63  7:47  SCV  
  63  7:49  Battlecruiser x2  
  63  7:51  Starport Tech Lab  
  77  8:00  SCV  
  77  8:02  Supply Depot  
  77  8:06  Battlecruiser  
  83  8:26  Command Center, Supply Depot  
  83  8:27  Starport  
  83  8:31  SCV  
  83  8:32  SCV  
  85  8:42  Weapon Refit  
  85  8:43  Terran Ship Weapons Level 1  
  85  8:44  SCV  
  86  8:52  Supply Depot  
  86  9:12  Refinery  
  86  9:15  Supply Depot  
  86  9:26  Starport Tech Lab, Battlecruiser x2  
  86  9:29  Battlecruiser  
  104  9:41  Refinery, Terran Vehicle And Ship Armor Level 2  
  104  9:56  SCV x3  
  107  10:08  SCV x2  
  107  10:09  SCV  
  102  10:20  Battlecruiser, SCV  
  102  10:21  SCV x2  
  102  10:32  SCV  
  102  10:33  Battlecruiser, SCV  
  110  10:39  Terran Ship Weapons Level 2  
  110  10:45  Orbital Command  
  110  10:54  Battlecruiser  
  116  11:03  Supply Depot  
  116  11:12  Battlecruiser  
  122  11:31  Supply Depot  
  122  11:32  Battlecruiser  
  128  11:54  Refinery  
  128  11:57  Battlecruiser  
  134  12:02  Refinery, Supply Depot  
  134  12:07  Command Center  
  134  12:25  Supply Depot  
  134  12:28  SCV x3  
  137  12:40  SCV x2  
  137  12:41  SCV  
  140  12:48  Supply Depot  
  140  13:01  Battlecruiser x4  
  147  13:19  SCV x4  
  140  13:31  SCV x3  
  143  13:40  Battlecruiser  
  128  14:08  Battlecruiser  
  110  14:23  SCV x3  
  113  14:24  SCV  
  102  14:39  Battlecruiser  
  102  14:40  SCV x3  
  102  14:41  SCV  
  112  14:52  SCV x3  
  115  14:53  SCV  
  116  15:04  SCV x2  
  116  15:05  SCV  
  76  15:33  Battlecruiser  
  76  15:34  Battlecruiser x2  
  93  15:43  Battlecruiser  
  54  19:09  Engineering Bay  
  54  19:49  Missile Turret  
  54  19:51  Missile Turret  
  54  19:52  Missile Turret x2  
  54  19:55  Missile Turret  
  54  19:58  Missile Turret  
  54  20:00  Missile Turret  
  54  20:01  Missile Turret  
  54  20:02  Missile Turret  
  54  20:04  Missile Turret x2  
  54  20:06  Missile Turret x2  
  54  20:07  Missile Turret  
  54  20:09  Missile Turret x2  
  54  20:32  Missile Turret  
  54  20:33  Missile Turret  
  54  20:35  Missile Turret  
  54  20:36  Missile Turret  
  54  20:37  Missile Turret x2  
  54  20:38  Missile Turret  
  54  20:41  Missile Turret  
  54  20:42  Missile Turret x2  
  54  20:43  Missile Turret  
  54  20:45  Missile Turret  
  54  20:53  Missile Turret  
  54  20:54  Missile Turret  
  54  21:00  Missile Turret  
  54  21:04  Missile Turret x3  
  54  21:06  Missile Turret x2  
  54  21:08  Missile Turret  
  54  21:09  Missile Turret  
  54  21:10  Missile Turret  
Show
View Real Time Build Order
Export as new Build Order

oBeuger Zerg 

Build Orders: Pool First 

Get SALT Encoding   

  12  0:02  Drone  
  13  0:20  Drone  
  14  0:21  Overlord  
  14  0:26  Extractor  
  13  0:29  Drone  
  14  1:04  Spawning Pool  
  13  1:18  Drone x3  
  16  1:27  Hatchery  
  15  1:33  Drone  
  16  1:56  Queen  
  18  2:03  Drone x3  
  21  2:15  Spine Crawler  
  20  2:22  Spine Crawler  
  19  2:32  Lair  
  19  2:36  Drone  
  19  2:37  Drone  
  21  2:45  Drone  
  22  3:00  Drone  
  22  3:01  Queen  
  22  3:03  Drone  
  26  3:13  Drone  
  26  3:14  Drone  
  28  3:20  Extractor  
  27  3:36  Drone  
  27  3:38  Overlord x3  
  28  3:46  Hydralisk Den  
  27  3:57  Drone x2  
  27  3:58  Drone  
  30  4:08  Drone  
  31  4:10  Drone  
  32  4:17  Overlord  
  32  4:23  Overseer x2  
  32  4:29  Drone x3  
  32  4:30  Drone x2  
  37  4:34  Extractor  
  37  4:35  Extractor  
  35  4:50  Queen  
  35  4:51  Hatchery  
  36  4:57  Muscular Augments  
  36  5:06  Evolution Chamber  
  35  5:08  Drone x3, Evolution Chamber  
  35  5:12  Drone x2  
  35  5:13  Drone  
  40  5:31  Spore Crawler  
  40  5:35  Spore Crawler  
  38  6:00  Spore Crawler  
  38  6:02  Spore Crawler  
  36  6:27  Drone x3  
  36  6:28  Drone x3  
  42  6:40  Zerg Missile Weapons Level 1  
  42  6:41  Zerg Ground Armor Level 1  
  42  6:50  Drone x2  
  44  6:55  Drone x2  
  44  6:57  Drone  
  44  6:58  Drone  
  44  6:59  Drone  
  49  7:07  Drone  
  50  7:34  Overlord  
  50  7:35  Overlord x4  
  50  7:41  Hydralisk x4  
  50  7:42  Hydralisk x4  
  66  7:56  Overlord  
  66  7:57  Overlord x4  
  66  8:26  Hydralisk x5  
  66  8:27  Hydralisk x6  
  72  8:30  Hydralisk x3  
  72  8:31  Hydralisk x4  
  102  8:37  Zerg Missile Weapons Level 2, Zerg Ground Armor Level 2  
  78  10:30  Hydralisk x6  
  78  10:31  Hydralisk x6  
  102  10:58  Hydralisk x3  
  102  10:59  Infestation Pit, Hydralisk x6  
  102  11:00  Hydralisk x5  
  129  11:07  Zergling x2  
  130  11:14  Overlord  
  130  11:16  Overlord x3  
  130  11:47  Spire  
  129  12:20  Hatchery  
  129  12:21  Overseer  
  128  12:28  Overseer x2  
  128  12:29  Overseer x2  
  128  12:36  Overlord  
  128  12:37  Overlord x5  
  128  13:02  Hive  
  128  13:06  Drone, Hydralisk x3  
  128  13:07  Hydralisk x3  
  128  13:09  Hydralisk x6  
  128  13:10  Hydralisk x5  
  121  14:02  Hydralisk x8  
  107  14:03  Hydralisk  
  94  14:43  Hydralisk x2  
  94  14:44  Hydralisk x3  
  103  14:59  Drone x2  
  106  15:00  Drone  
  33  16:23  Spawning Pool  
  32  16:50  Drone x2  
  32  16:51  Drone  
  16  17:51  Spore Crawler x2  
  15  17:53  Spore Crawler x2  
  15  17:55  Spore Crawler  
  11  18:01  Spore Crawler  
  11  18:02  Spore Crawler  
  11  18:04  Spore Crawler  
  8  18:12  Spore Crawler  
  7  18:14  Spore Crawler  
  7  18:15  Spore Crawler  
  5  18:23  Drone, Spore Crawler x2  
  5  18:24  Drone x2  
  5  18:41  Queen  
  7  18:51  Spore Crawler  
  7  18:54  Spore Crawler  
  5  18:57  Drone x2  
  5  18:58  Drone, Spore Crawler  
  7  19:15  Spore Crawler  
  7  19:16  Spore Crawler  
  5  19:17  Spore Crawler  
  5  19:18  Drone  
  5  19:26  Lair  
  5  19:36  Drone x2  
  7  19:44  Evolution Chamber  
  6  20:52  Hatchery  
  5  21:10  Drone x4  
  9  22:01  Drone x4  
  11  22:02  Drone x2  
  15  22:15  Spire  
  14  22:24  Spine Crawler  
  14  22:28  Spine Crawler  
  12  22:30  Spine Crawler x2  
  12  22:31  Spine Crawler  
  12  22:32  Spine Crawler  
  12  22:33  Spine Crawler  
  12  22:35  Spine Crawler  
  12  22:37  Spine Crawler x2  
Tags
 
Add a new tag
Caveats
  • Supply blocks, unpowered buildings, or Contaminate may cause inaccurate times.
  • Supply counts are checked every 10 seconds.